 Dungeon Crawl Stone Soup version 0.19-a0-32-gbfd796a (webtiles) character file.

2235 Mefis the Sneak (level 9, -7/65 HPs)
             Began as a Human Wizard on May 2, 2016.
             Was an Initiate of Sif Muna.
             Mangled by a phantasmal warrior (14 damage)
             ... created by the anger of Yredelemnul
             ... on level 5 of the Dungeon.
             The game lasted 02:13:58 (8929 turns).

Mefis the Sneak (Human Wizard)                      Turns: 8929, Time: 02:13:58

Health: -7/65      AC:  4    Str:  8    XL:     9   Next: 62%
Magic:  3/15       EV: 13    Int: 21    God:    Sif Muna [......]
Gold:   210        SH:  0    Dex: 14    Spells: 7 memorised, 1 level left

rFire  + . .     SeeInvis .     r - staff of fire (curse)
rCold  . . .     Gourm    .     j - +0 leather armour
rNeg   . . .     Faith    .     (no shield)
rPois  .         Spirit   .     P - +1 hat
rElec  .         Dismiss  .     (no cloak)
rCorr  +         Reflect  .     (no gloves)
SustAt .         Harm     .     (no boots)
MR     .....                    (no amulet)
Stlth  ++........               x - ring of loudness (curse)
                                e - ring of resist corrosion

@: vulnerable, not resistant to hostile enchantments, unstealthy
A: agile 1, magic resistance 1
a: Renounce Religion


You were on level 5 of the Dungeon.
You worshipped Sif Muna.
Sif Muna was noncommittal.
You were not hungry.

You visited 2 branches of the dungeon, and saw 7 of its levels.

You collected 210 gold pieces.

Inventory:

Hand Weapons
 h - a +0 dagger
 D - a +0 shortbow
 L - a +3 dagger of venom
Missiles
 i - 187 stones (quivered)
 k - a throwing net
 q - 8 tomahawks
 w - 19 sling bullets
 z - 2 exploding tomahawks
 C - 66 arrows
Armour
 a - a +0 robe
 j - a +0 leather armour (worn)
 H - a +0 helmet
 P - a +1 hat (worn)
Magical Staves
 r - a cursed staff of fire (weapon)
Jewellery
 e - a ring of resist corrosion (left hand)
 x - a cursed ring of loudness (right hand)
Wands
 u - a wand of slowing (26/48)
 F - a wand of flame (35/48)
 I - a wand of lightning (5/15)
 N - a wand of enslavement (7/24)
Scrolls
 b - a scroll of enchant weapon {unknown}
 g - a scroll of fear {unknown}
 n - 2 scrolls of recharging {unknown}
 o - 2 scrolls of noise
 t - a scroll of random uselessness {unknown}
 B - a scroll of teleportation {unknown}
 J - a scroll of immolation {unknown}
 K - 2 scrolls of amnesia {unknown}
 O - a scroll of identify
Potions
 f - 2 potions of mutation {unknown}
 l - 5 potions of curing
 m - a potion of magic {unknown}
 p - a potion of lignification
 v - a potion of flight {unknown}
 A - a potion of might
Books
 c - a book of Minor Magic

   Spells                             Type                      Level
   a - Magic Dart                     Conjuration                  1
   b - Blink                          Translocation                2
   c - Call Imp                       Summoning                    2
   d - Repel Missiles                 Charms/Air                   2
   e - Slow                           Hexes                        2
   f - Conjure Flame                  Conjuration/Fire             3
   g - Mephitic Cloud                 Conjuration/Poison/Air       3
 y - a book of Conjurations

   Spells                             Type                      Level
   a - Magic Dart                     Conjuration                  1
   b - Searing Ray                    Conjuration                  2
   c - Dazzling Spray                 Conjuration/Hexes            3
   d - Fulminant Prism                Conjuration/Hexes            4
   e - Iskenderun's Mystic Blast      Conjuration                  4
   f - Iskenderun's Battlesphere      Conjuration/Charms           5
Miscellaneous
 G - a plain deck of war {drawn: 4}
 M - a plain deck of escape {drawn: 1}
Comestibles
 d - 2 bread rations
 s - a fruit
 E - 2 beef jerkies


   Skills:
 + Level 4.2 Fighting
 + Level 4.6 Armour
 + Level 4.5 Dodging
 + Level 5.1 Stealth
 + Level 4.3 Spellcasting
 + Level 4.6 Conjurations
 + Level 2.1 Hexes
 + Level 1.8 Summonings
 + Level 3.4 Translocations
 + Level 1.4 Invocations
 - Level 2.7 Evocations


You had one spell level left.
You knew the following spells:

 Your Spells              Type           Power        Failure   Level  Hunger
a - Magic Dart            Conj           ###.         2%          1    None
b - Call Imp              Summ           ##......     14%         2    #......
c - Blink                 Tloc           N/A          8%          2    #......
d - Repel Missiles        Chrm/Air       #.....       24%         2    #......
e - Dazzling Spray        Conj/Hex       ###...       14%         3    ##.....
f - Conjure Flame         Conj/Fire      ###.....     21%         3    ##.....
s - Searing Ray           Conj           ###...       4%          2    #......


Dungeon Overview and Level Annotations

Branches:
Dungeon (6/15)             Temple (1/1) D:5

Altars:
Ashenzari
Dithmenos
Elyvilon
Fedhas
Gozag
Kikubaaqudgha
Makhleb
Nemelex Xobeh
Ru
Sif Muna
Trog
Vehumet
Xom
Zin

Annotations:
D:6 Pikel


Innate Abilities, Weirdness & Mutations

You are agile. (Dex +2)
You are resistant to hostile enchantments.


Message History

Press: ? - help, Shift-Dir - straight line, f/p - quokka
Aim: a quokka (heavily wounded)
The magic dart hits the quokka.
You kill the quokka!
You see here a quokka corpse.
You butcher the quokka corpse.
Things that are here:
2 chunks of flesh; a quokka skeleton
There is a stone staircase leading up here.
You climb upwards.
The phantasmal warrior misses you.
There is a stone staircase leading down here.
Casting: Magic Dart
Confirm with . or Enter, or press ? or * to list all spells.
You blink.
The phantasmal warrior hits you!!
Ouch! That really hurt!
* * * LOW HITPOINT WARNING * * *
Your magical defenses are stripped away!
The phantasmal warrior blinks!
The phantasmal warrior hits you!
You die...

.......####.#
.......# #.###
.......# #...#
......#######.#
###....##.....#
............>#####
######.#..#.....<#
# #........######
# ###...[...W@..#
# #.#########.# #
#...........# #
#..########## #
#.....#
############.#
#.......####.#
#._..._.##...#
#.......##.###


You could see a phantasmal warrior.

Vanquished Creatures
  The ghost of M4edhros the Insei, a novice OpNe of Cheibriados (D:6)
  Sigmund (D:3)
  Menkaure (D:5)
  2 ice beasts (D:5)
  2 sky beasts
  4 ogres
  2 centaurs
  A wight (D:6)
  2 crimson imps
  A hound (D:4)
  2 centaur skeletons (D:4)
  2 orc priests
  3 orc wizards
  A worker ant (D:4)
  2 hound skeletons
  A worker ant zombie (D:6)
  Robin (D:3)
  9 adders
  A shadow imp (D:6)
  2 oozes
  An adder skeleton (D:5)
  2 worms
  2 dart slugs
  2 giant geckos (D:3)
  16 orcs
  A ball python (D:1)
  7 giant cockroaches
  7 goblins
  7 hobgoblins
  8 jackals
  4 quokkas
  6 bats
  A giant gecko skeleton (D:6)
  6 giant newts
  8 kobolds
  11 rats
130 creatures vanquished.

Vanquished Creatures (collateral kills)
  Grinder (D:3)
  A phantom (D:4)
  An orc priest (D:3)
  Ijyb (D:2)
  An iguana (D:4)
  2 orc wizards (D:4)
  An adder (D:2)
  A worm (D:1)
  5 orcs
  2 giant cockroaches
  4 goblins (D:3)
  A hobgoblin (D:3)
  A jackal (D:4)
  2 kobolds (D:2)
  A quokka (D:2)
  A rat (D:3)
26 creatures vanquished.

Vanquished Creatures (others)
  A vampire (D:6)
1 creature vanquished.

Grand Total: 157 creatures vanquished

Notes
Turn   | Place    | Note
--------------------------------------------------------------
     0 | D:1      | Mefis the Human Wizard began the quest for the Orb.
     0 | D:1      | Reached XP level 1. HP: 13/13 MP: 4/4
   189 | D:1      | Reached XP level 2. HP: 19/19 MP: 3/6
   193 | D:1      | Learned a level 2 spell: Call Imp
   196 | D:1      | Learned a level 2 spell: Blink
   199 | D:1      | Learned a level 2 spell: Repel Missiles
  1013 | D:2      | Reached XP level 3. HP: 25/25 MP: 2/7
  1195 | D:2      | Noticed Ijyb
  1593 | D:2      | Reached skill level 1 in Armour
  1682 | D:2      | Reached skill level 1 in Fighting
  1725 | D:2      | Reached XP level 4. HP: 24/32 MP: 0/8
  1732 | D:2      | Killed Ijyb
  1840 | D:2      | Reached skill level 3 in Stealth
  1842 | D:2      | Found a faded altar to an unknown god.
  1912 | D:2      | Became a worshipper of Nemelex Xobeh the Trickster
  1912 | D:2      | Received a gift from Nemelex Xobeh
  1912 | D:2      | Reached * piety under Nemelex Xobeh
  2012 | D:2      | Received a gift from Nemelex Xobeh
  2244 | D:2      | Learned a level 2 spell: Searing Ray
  2528 | D:2      | Reached XP level 5. HP: 4/37 MP: 1/10
  2924 | D:3      | Noticed a centaur
  2935 | D:3      | Noticed Grinder
  2936 | D:3      | Killed a centaur
  2940 | D:3      | Killed Grinder
  2940 | D:3      | Reached skill level 1 in Evocations
  2940 | D:3      | Reached XP level 6. HP: 33/44 MP: 9/11
  3167 | D:3      | Received a gift from Nemelex Xobeh
  3195 | D:3      | Noticed Robin
  3200 | D:3      | Killed Robin
  3641 | D:3      | Noticed Sigmund
  3653 | D:3      | Killed Sigmund
  3653 | D:3      | Reached XP level 7. HP: 49/51 MP: 1/12
  3754 | D:3      | Reached ** piety under Nemelex Xobeh
  4141 | D:4      | Reached skill level 4 in Stealth
  4698 | D:4      | Reached XP level 8. HP: 48/57 MP: 5/13
  4778 | D:4      | Learned a level 3 spell: Dazzling Spray
  4925 | D:4      | Gained mutation: You are robust (+10% HP). [mutagenic meat]
  4926 | D:4      | Lost mutation: You are robust (+10% HP). [mutagenic meat]
  4927 | D:4      | Gained mutation: You are resistant to hostile enchantments. [mutagenic meat]
  4977 | D:4      | Received a gift from Nemelex Xobeh
  5895 | D:4      | Reached skill level 1 in Hexes
  6118 | D:5      | Entered Level 5 of the Dungeon
  6188 | D:5      | Found an opulent altar of Gozag.
  6189 | D:5      | Found a glowing silver altar of Zin.
  6693 | D:5      | Reached XP level 9. HP: 48/64 MP: 5/15
  6768 | D:5      | Gained mutation: You are agile. (Dex +2) [helix card]
  7160 | D:5      | Noticed Menkaure
  7178 | D:5      | Killed Menkaure
  7259 | D:5      | Found a staircase to the Ecumenical Temple.
  7265 | Temple   | Entered the Ecumenical Temple
  7265 | Temple   | Received a gift from Nemelex Xobeh
  7278 | Temple   | Fell from the grace of Nemelex Xobeh
  7278 | Temple   | Became a worshipper of Sif Muna the Loreminder
  7565 | D:6      | Noticed a phantasmal warrior
  7593 | D:5      | HP: 1/65 [phantasmal warrior[the anger of Yredelemnul] (36)]
  7686 | D:6      | Learned a level 3 spell: Conjure Flame
  8400 | D:6      | Reached skill level 1 in Invocations
  8562 | D:6      | XOM: colour smoke trail
  8702 | D:6      | Noticed M4edhros's ghost (novice OpNe)
  8718 | D:6      | Killed M4edhros's ghost
  8718 | D:6      | Reached skill level 5 in Stealth
  8841 | D:6      | Noticed Pikel
  8929 | D:5      | Mangled by a phantasmal warrior

Vault maps used:
D:1:      elethiomel_arrival_quiet
D:2:      ecumenical_altar_1, uniq_iyjb
D:3:      uniq_grinder, uniq_robin, uniq_sigmund
D:4:      first_bread
D:5:      grunt_temple_overflow_gold_and_silver,
          minmay_temple_entry_enclosed_plants, uniq_menkaure
D:6:      uniq_pikel
Temple:   circular_temple_12

Skill      XL: |  1  2  3  4  5  6  7  8  9 |
---------------+----------------------------+-----
Armour         | 1 2 3 4 |  4.6
Fighting       | 1 2 3 4 |  4.2
Stealth        | 3 4 5 |  5.1
Dodging        | 3 4 |  4.5
Conjurations   | 2 3 4 |  4.6
Evocations     | 1 2 |  2.7
Translocations | 2 3 |  3.4
Hexes          | 1 2 |  2.1
Spellcasting   | 4 |  4.3
Invocations    | 1 |  1.4
Summonings     | |  1.8

Action                   |  1- 3 |  4- 6 |  7- 9 || total
-------------------------+-------+-------+-------++-------
Melee: Unarmed           |     5 |       |       ||     5
       Dagger            |    53 |    32 |    25 ||   110
       Staff             |       |       |    92 ||    92
 Cast: Magic Dart        |    77 |    70 |   133 ||   280
       Repel Missiles    |     1 |     1 |     1 ||     3
       Call Imp          |     6 |     1 |     2 ||     9
       Blink             |     1 |     1 |     9 ||    11
       Searing Ray       |       |     3 |    32 ||    35
       Dazzling Spray    |       |       |     3 ||     3
       Conjure Flame     |       |       |     4 ||     4
Evoke: Deck              |       |     7 |    13 ||    20
  Use: Scroll            |       |     2 |     3 ||     5
       Potion            |       |       |     3 ||     3
 Stab: Sleeping          |     1 |     1 |     5 ||     7
       Distracted        |       |     1 |       ||     1
       Invisible         |       |       |     2 ||     2
  Eat: Chunk             |     1 |     8 |    10 ||    19
       Meat ration       |       |       |     1 ||     1
       Pizza             |       |       |     1 ||     1
       Bread ration      |       |       |     2 ||     2
       Fruit             |       |       |     2 ||     2
Armor: Robe              |     2 |       |       ||     2
       Leather armour    |    20 |     6 |    35 ||    61
       Skin              |       |       |    18 ||    18
Dodge: Dodged            |    40 |    31 |   161 ||   232
       Deflected         |     1 |     2 |     1 ||     4
